 Dungeon Crawl Stone Soup version 0.28.0-43-g3370ac3207 (webtiles) character file.

Game seed: 4639546813011090279

81 funkygono the Firebug (level 4, -3/30 HPs)
             Began as a Demonspawn Fire Elementalist on Mar 16, 2022.
             Killed by divine providence
             ... invoked by an orc priest
              (11 damage)
             ... on level 3 of the Dungeon.
             The game lasted 00:03:00 (2298 turns).

funkygono the Firebug (DsFE)                        Turns: 2298, Time: 00:03:01

Health: -3/30      AC:  2    Str:  8    XL:     4   Next: 20%
Magic:  2/7        EV: 12    Int: 19    God:
Gold:   87         SH:  0    Dex: 13    Spells: 2/8 levels left

rFire   . . .      SeeInvis .   n - +4 war axe
rCold   . . .      Faith    .   (no shield)
rNeg    . . .      Spirit   .   a - +0 robe
rPois   .          Reflect  .   (no helmet)
rElec   .          Harm     .   (no cloak)
rCorr   .          Rampage  .   (no gloves)
Will    .....                   (no boots)
Stlth   ++........              (no amulet)
HPRegen 0.10/turn               (no ring)
MPRegen 0.10/turn               (no ring)

@: very slightly contaminated
A: demonic magic 1
a: no special abilities


You were on level 3 of the Dungeon.
You visited 1 branch of the dungeon, and saw 3 of its levels.

You collected 87 gold pieces.

Inventory:

Hand Weapons
 e - a +0 mace
 n - a +4 war axe (weapon)
Missiles
 d - 68 stones
Armour
 a - a +0 robe (worn)
Jewellery
 f - an amulet of magic regeneration
Scrolls
 b - a scroll of magic mapping {unknown}
 c - a scroll of fear {unknown}
 i - 2 scrolls of amnesia {unknown}
 j - 3 scrolls of identify {unknown}
 l - a scroll of noise {unknown}
 m - a scroll of acquirement {unknown}
Potions
 g - 2 potions of degeneration {unknown}
 h - a potion of attraction {unknown}
 k - a potion of magic {unknown}
 o - a potion of might {unknown}


   Skills:
 * Level 2.3 Dodging
 - Level 1.7 Stealth
 * Level 2.6 Spellcasting
 * Level 1.8 Conjurations
 * Level 3.6 Fire Magic


You had 2 spell levels left.
You knew the following spells:

 Your Spells              Type           Power      Damage    Failure   Level
a - Foxfire               Conj/Fire      48%        2x1d6     5%          1
b - Scorch                Fire           32%        2d6       5%          2
c - Conjure Flame         Conj/Fire      12%        6-21      16%         3

Your spell library contained the following spells:

 Spells                   Type           Power      Damage    Failure   Level
 Inner Flame              Hex/Fire       9%         N/A       22%         3
 Flame Wave               Conj/Fire      12%        2d6       45%         4


Dungeon Overview and Level Annotations

Branches:
Dungeon (3/15)

Altars:


Innate Abilities, Weirdness & Mutations

Spells you cast may paralyse adjacent enemies.


Message History

Casting: Foxfire (safe; 5% risk of failure)
Confirm with . or Enter, or press ? or * to list all spells.
You conjure some foxfire!
Malevolent energies surge around you.
The foxfire hits the orc.
The orc is lightly wounded.
An orc comes into view. It is wielding a +0 hand axe.
The foxfire hits the orc.
The orc is moderately wounded.
The foxfire hits the orc.
The orc is severely wounded.
An orc comes into view. It is wielding a +0 falchion.
Casting: Foxfire (safe; 5% risk of failure)
Confirm with . or Enter, or press ? or * to list all spells.
You miscast Foxfire.
You are very lightly contaminated with residual magic.
Nothing appears to happen.
You barely miss the orc.
The orc is severely wounded.
The orc priest looks braver for a moment.
The orc hits you with a +0 club.
The orc priest mumbles some strange prayers to Beogh against you.
Pain shoots through your body!
Casting: Foxfire (safe; 5% risk of failure)
Confirm with . or Enter, or press ? or * to list all spells.
You don't have enough magic to cast this spell.
Unknown command.
Casting: Foxfire (safe; 5% risk of failure)
Confirm with . or Enter, or press ? or * to list all spells.
You don't know that spell.
Unknown command.
You barely miss the orc priest. You hit the orc.
You kill the orc!
The orc priest hits you with a +0 falchion.
You hit the orc priest but do no damage.
The orc priest mumbles some strange prayers to Beogh against you.
Pain shoots through your body!
* * * LOW HITPOINT WARNING * * *
The orc priest calls down the wrath of Beogh upon you.
Beogh smites you!
You die...

######### ........#
#######.# #.# #.# #.#
###### #.# #....# #.#
#.##)######## #.#
#.##.@ooo....
#######.####.###########
..................#
#######......#.###.#
#####..>## #........
#....###. ...#.# ##.)#.#


You could see an orc priest and 2 orcs.

Vanquished Creatures
  An orc wizard (D:3)
  2 adders (D:2)
  A dart slug (D:2)
  An orc (D:3)
  6 ball pythons
  2 bats (D:1)
  An endoplasm (D:1)
  2 giant cockroaches (D:2)
  4 goblins
  6 hobgoblins
  2 frilled lizards
  3 kobolds
  4 rats
35 creatures vanquished.

Vanquished Creatures (others)
  101 foxfires
101 creatures vanquished.

Grand Total: 136 creatures vanquished

Notes
Turn   | Place    | Note
-------+----------+-------------------------------------------
     0 | D:1      | funkygono the Demonspawn Fire Elementalist began the quest
                  | for the Orb.
     0 | D:1      | Reached XP level 1. HP: 13/13 MP: 3/3
   375 | D:1      | Reached skill level 3 in Fire Magic
   488 | D:1      | Gained mutation: Spells you cast may paralyse adjacent
                  | enemies. [demonic ancestry]
   488 | D:1      | Reached XP level 2. HP: 19/19 MP: 3/5
   493 | D:1      | Learned a level 2 spell: Scorch
  1357 | D:2      | Reached XP level 3. HP: 24/24 MP: 0/6
  1383 | D:2      | Learned a level 3 spell: Conjure Flame
  2292 | D:3      | Reached XP level 4. HP: 30/30 MP: 3/7
  2298 | D:3      | Killed from afar by an orc priest

Illustrated notes

Levels and vault maps discovered:
D:1:      minmay_arrival_semitransparent, layout_basic
D:2:      layout_basic
D:3:      layout_loops_ring, shapermc_ecumenical_altar_hornbeckon

Skill      XL: |  1 |
---------------+----+-----
Fire Magic     | 3 |  3.6
Dodging        | 2 |  2.3
Stealth        | |  1.7
Spellcasting   | |  2.6
Conjurations   | |  1.8

Action                   |  1- 3 |  4- 6 || total
-------------------------+-------+-------++-------
Melee: Unarmed           |     2 |       ||     2
       War axe           |       |     3 ||     3
 Cast: Foxfire           |    59 |     1 ||    60
       Scorch            |     5 |       ||     5
Armor: Robe              |     4 |       ||     4
Dodge: Dodged            |    13 |       ||    13
